 Dungeon Crawl Stone Soup version 0.23.2-40-g277498a001 (webtiles) character file.

Game seed: 12248466724594479759

161 Emblim88 the Grasshopper (level 5, -4/43 HPs)
             Began as a Gnoll Warper on Aug 19, 2019.
             Was an Initiate of Okawaru.
             Killed from afar by an orc wizard (9 damage)
             ... with a magic dart
             ... on level 3 of the Dungeon.
             The game lasted 00:07:28 (2166 turns).

Emblim88 the Grasshopper (Gnoll Warper)             Turns: 2166, Time: 00:07:28

Health: -4/43      AC:  4    Str: 13    XL:     5   Next: 42%
Magic:  12/12      EV: 14    Int: 16    God:    Okawaru [......]
Gold:   113        SH:  0    Dex: 15    Spells: 4/14 levels left

rFire    . . .     SeeInvis .   k - +0 short sword (venom)
rCold    . . .     Gourm    +   (no shield)
rNeg     . . .     Faith    .   b - +0 leather armour
rPois    .         Spirit   .   (no helmet)
rElec    .         Reflect  .   o - scarf {repulsion}
rCorr    .         Harm     .   l - +0 pair of gloves
MR       .....                  (no boots)
Stlth    ++........             c - amulet of the gourmand
HPRegen  0.14/turn              (no ring)
MPRegen  0.13/turn              (no ring)

@: slowed, repel missiles, very slow
A: distributed training, fangs 1, strong nose
a: Renounce Religion


You were on level 3 of the Dungeon.
You worshipped Okawaru.
Okawaru was noncommittal.
You were hungry.

You visited 1 branch of the dungeon, and saw 3 of its levels.

You collected 113 gold pieces.

Inventory:

Hand Weapons
 a - a +0 falchion
 k - a +0 short sword of venom (weapon)
Missiles
 e - 5 tomahawks of dispersal (quivered)
 j - 10 tomahawks
 m - a throwing net
Armour
 b - a +0 leather armour (worn)
 l - a +0 pair of gloves (worn)
 o - a scarf of repulsion (worn)
 p - a +0 scale mail
Jewellery
 c - an amulet of the gourmand (around neck)
Wands
 q - a wand of flame (15)
Scrolls
 d - a scroll of blinking
 g - 2 scrolls of identify
 h - a scroll of enchant weapon
 i - a scroll of remove curse
 n - a scroll of magic mapping
 r - a scroll of amnesia
Potions
 t - a potion of resistance {unknown}
 u - a potion of curing {unknown}
 v - a potion of lignification {unknown}
Comestibles
 f - 9 rations


   Skills:
 + Level 4.8 Fighting
 + Level 1.4 Short Blades
 + Level 4.8 Long Blades
 + Level 1.4 Axes
 + Level 1.4 Maces & Flails
 + Level 1.4 Polearms
 + Level 1.4 Staves
 + Level 1.4 Slings
 + Level 1.4 Bows
 + Level 1.4 Crossbows
 + Level 3.0 Throwing
 + Level 3.0 Armour
 + Level 4.8 Dodging
 + Level 1.4 Stealth
 + Level 1.4 Shields
 + Level 1.4 Unarmed Combat
 + Level 5.2 Spellcasting
 + Level 1.1 Conjurations
 + Level 1.1 Hexes
 + Level 1.1 Charms
 + Level 1.1 Summonings
 + Level 1.1 Necromancy
 + Level 5.5 Translocations
 + Level 1.1 Transmutations
 + Level 1.1 Fire Magic
 + Level 1.1 Ice Magic
 + Level 1.1 Air Magic
 + Level 1.1 Earth Magic
 + Level 1.1 Poison Magic
 + Level 1.6 Invocations
 + Level 1.4 Evocations


You had 4 spell levels left.
You knew the following spells:

 Your Spells              Type           Power        Failure   Level  Hunger
a - Blink                 Tloc           N/A          3%          2    #......
b - Shroud of Golubria    Chrm/Tloc      ##........   7%          2    #......
c - Teleport Other        Tloc           ###.....     6%          3    ###....
d - Lesser Beckoning      Tloc           ###.......   6%          3    ###....

Your spell library contained the following spells:

 Spells                   Type           Power        Failure   Level  Hunger
 Gell's Gravitas          Tloc           ###.......   6%          3    ###....
 Passage of Golubria      Tloc           N/A          19%         4    ####...


Dungeon Overview and Level Annotations

Branches:
Dungeon (3/15)

Altars:
Okawaru
Uskayaw


Innate Abilities, Weirdness & Mutations

Your experience applies equally to all skills.
You have very sharp teeth.
Your uncanny sense of smell can sniff out nearby items.


Message History

The orc wizard hits you with a +0 dagger.
You hit the orc wizard.
The orc wizard is poisoned.
Your bite misses the orc wizard.
The orc wizard is moderately wounded.
The orc wizard points at you and mumbles some strange words.
You feel yourself slow down.
The orc wizard gestures at you while chanting.
The magic dart hits you.
* * * LOW HITPOINT WARNING * * *
You barely miss the orc wizard.
The orc wizard is moderately wounded.
The orc wizard hits you with a +0 dagger.
* * * LOW HITPOINT WARNING * * *
The orc wizard hits you with a +0 dagger.
* * * LOW HITPOINT WARNING * * *
You hit the orc wizard but do no damage.
The orc wizard is heavily wounded.
The orc wizard gestures at you while chanting.
The magic dart hits you!
You die...

#.# #.#
.##############.#####
...........g.)..>...#
.#####.########.###.#
##...## #g###.###.#
#.....# #..)......#
##...## ##o######## ##.##
##@### #.# #.o..# #g#
#..#.# ##'## #..#.#
##.>.## #..#.# ##.....##
#..#.# ##.......## #..#.#
##....†....####....#######
.'.........g..(...........


You could see an orc wizard, a gnoll and an orc.

Vanquished Creatures
  5 gnolls
  4 adders
  3 worms
  A dart slug (D:1)
  4 orcs (D:3)
  2 ball pythons (D:2)
  3 giant cockroaches (D:1)
  5 goblins
  2 hobgoblins
  9 jackals
  7 kobolds
  A quokka (D:2)
  8 bats
  2 frilled lizards
  3 rats (D:2)
59 creatures vanquished.

Vanquished Creatures (others)
  A ghoul (D:1)
  A minotaur (D:1)
  A gargoyle (D:1)
  A vine stalker (D:1)
  An elf (D:1)
  2 trolls (D:1)
  A spriggan (D:1)
  2 humans (D:1)
  A mummy (D:1)
  A kobold (D:1)
  8 tentacles (D:1)
20 creatures vanquished.

Grand Total: 79 creatures vanquished

Notes
Turn   | Place    | Note
-------+----------+-------------------------------------------
     0 | D:1      | Emblim88 the Gnoll Warper began the quest for the Orb.
     0 | D:1      | Reached XP level 1. HP: 20/20 MP: 6/6
     0 | D:1      | Noticed a human
     0 | D:1      | Noticed a human
     0 | D:1      | Noticed a troll
     0 | D:1      | Noticed a minotaur
     0 | D:1      | Noticed a gargoyle
     0 | D:1      | Noticed a kraken
     0 | D:1      | Noticed a troll
     0 | D:1      | Noticed a ghoul
     0 | D:1      | Noticed a vine stalker
     0 | D:1      | Noticed a spriggan
     0 | D:1      | Noticed an elf
     5 | D:1      | Killed a troll
     7 | D:1      | Killed an elf
     8 | D:1      | Killed a troll
     8 | D:1      | Killed a gargoyle
    10 | D:1      | Killed a spriggan
    11 | D:1      | Killed a minotaur
    11 | D:1      | Killed a human
    15 | D:1      | Killed a human
    22 | D:1      | Killed a vine stalker
    24 | D:1      | Killed a ghoul
   109 | D:1      | Reached XP level 2. HP: 25/26 MP: 7/7
   292 | D:1      | Reached XP level 3. HP: 29/31 MP: 9/9
   515 | D:2      | Reached skill level 5 in Spellcasting
   529 | D:2      | Learned a level 2 spell: Blink
   532 | D:2      | Learned a level 2 spell: Shroud of Golubria
   536 | D:2      | Learned a level 3 spell: Teleport Other
   540 | D:2      | Learned a level 3 spell: Lesser Beckoning
   554 | D:2      | Found a hide-covered altar of Uskayaw.
   556 | D:2      | Noticed a +0 hand axe
   557 | D:2      | Reached skill level 1 in Invocations
   558 | D:2      | Noticed a +0 hand axe
   587 | D:2      | Reached skill level 1 in Short Blades
   587 | D:2      | Reached skill level 1 in Axes
   587 | D:2      | Reached skill level 1 in Maces & Flails
   587 | D:2      | Reached skill level 1 in Polearms
   587 | D:2      | Reached skill level 1 in Staves
   587 | D:2      | Reached skill level 1 in Slings
   587 | D:2      | Reached skill level 1 in Bows
   587 | D:2      | Reached skill level 1 in Crossbows
   587 | D:2      | Reached skill level 1 in Stealth
   587 | D:2      | Reached skill level 1 in Shields
   587 | D:2      | Reached skill level 1 in Unarmed Combat
   587 | D:2      | Reached skill level 1 in Evocations
   623 | D:2      | Reached XP level 4. HP: 22/38 MP: 8/11
   644 | D:1      | HP: 1/38 [jackal (2)]
  1373 | D:2      | Reached skill level 1 in Conjurations
  1373 | D:2      | Reached skill level 1 in Hexes
  1373 | D:2      | Reached skill level 1 in Charms
  1373 | D:2      | Reached skill level 1 in Summonings
  1373 | D:2      | Reached skill level 1 in Necromancy
  1373 | D:2      | Reached skill level 1 in Transmutations
  1373 | D:2      | Reached skill level 1 in Fire Magic
  1373 | D:2      | Reached skill level 1 in Ice Magic
  1373 | D:2      | Reached skill level 1 in Air Magic
  1373 | D:2      | Reached skill level 1 in Earth Magic
  1373 | D:2      | Reached skill level 1 in Poison Magic
  1657 | D:2      | Reached XP level 5. HP: 37/43 MP: 12/12
  1951 | D:3      | Found an iron altar of Okawaru.
  1981 | D:3      | Became a worshipper of Warmaster Okawaru
  2166 | D:3      | Killed from afar by an orc wizard

Skill      XL: |  1  2  3  4  5 |
---------------+----------------+-----
Spellcasting   | 5 |  5.2
Invocations    | 1 |  1.6
Short Blades   | 1 |  1.4
Axes           | 1 |  1.4
Maces & Flails | 1 |  1.4
Polearms       | 1 |  1.4
Staves         | 1 |  1.4
Slings         | 1 |  1.4
Bows           | 1 |  1.4
Crossbows      | 1 |  1.4
Stealth        | 1 |  1.4
Shields        | 1 |  1.4
Unarmed Combat | 1 |  1.4
Evocations     | 1 |  1.4
Conjurations   | 1 |  1.1
Hexes          | 1 |  1.1
Charms         | 1 |  1.1
Summonings     | 1 |  1.1
Necromancy     | 1 |  1.1
Transmutations | 1 |  1.1
Fire Magic     | 1 |  1.1
Ice Magic      | 1 |  1.1
Air Magic      | 1 |  1.1
Earth Magic    | 1 |  1.1
Poison Magic   | 1 |  1.1
Throwing       | 3 |  3.0
Armour         | 3 |  3.0
Fighting       | |  4.8
Long Blades    | |  4.8
Dodging        | |  4.8
Translocations | |  5.5

Action                   |  1- 3 |  4- 6 || total
-------------------------+-------+-------++-------
Melee: Falchion          |    20 |       ||    20
       Bite              |     9 |    12 ||    21
       Short sword       |    60 |   108 ||   168
 Cast: Shroud of Golubri |     1 |     1 ||     2
       Blink             |       |     1 ||     1
  Use: Potion            |       |     2 ||     2
       Scroll            |       |     5 ||     5
 Stab: Sleeping          |       |     2 ||     2
  Eat: Ration            |       |     1 ||     1
Armor: Leather armour    |    27 |    25 ||    52
Dodge: Dodged            |    68 |    94 ||   162
       Deflected         |       |     3 ||     3
       Rpst.: Falchion   |     4 |       ||     4
